 Dungeon Crawl Stone Soup version 0.25.0-9-g26727b657a (webtiles) character file.

Game seed: 8819391297136592343

324 Delamore the Cudgeler (level 6, 0/37 HPs)
             Began as a Gargoyle Fighter on June 17, 2020.
             Killed by divine providence
             ... invoked by an orc priest
              (14 damage)
             ... on level 4 of the Dungeon.
             The game lasted 00:03:41 (4257 turns).

Delamore the Cudgeler (Gargoyle Fighter)            Turns: 4257, Time: 00:03:41

Health: 0/37       AC: 11    Str: 22    XL:     6   Next: 48%
Magic:  6/6        EV:  7    Int:  8    God:
Gold:   207        SH:  9    Dex:  9    Spells: 5/5 levels left

rFire    + . .     SeeInvis .   a - +0 flail
rCold    . . .     Gourm    .   c - +0 kite shield
rNeg     + . .     Faith    .   b - +0 scale mail
rPois    ∞         Spirit   .   (no helmet)
rElec    +         Reflect  .   r - scarf {+Inv}
rCorr    .         Harm     .   (no gloves)
MR       .....                  (no boots)
Stlth    ..........             (no amulet)
HPRegen  0.12/turn              i - ring of protection from fire
MPRegen  0.10/turn              o - ring of attention (curse)

@: no status effects
A: negative energy resistance 1, electricity resistance, unbreathing,
petrification resistance, rot immunity, AC +4
a: Evoke Invisibility


You were on level 4 of the Dungeon.
You were not hungry.

You visited 1 branch of the dungeon, and saw 4 of its levels.

You collected 207 gold pieces.

Inventory:

Hand Weapons
 a - a +0 flail (weapon)
Armour
 b - a +0 scale mail (worn)
 c - a +0 kite shield (worn)
 l - a +0 cloak
 r - a scarf of invisibility (worn)
Jewellery
 i - a ring of protection from fire (left hand)
 n - a +6 ring of intelligence
 o - a cursed ring of attention (right hand)
Scrolls
 e - 3 scrolls of remove curse {unknown}
 g - 4 scrolls of identify {unknown}
 h - 3 scrolls of teleportation {unknown}
 j - a scroll of fog {unknown}
 k - 3 scrolls of fear {unknown}
 p - a scroll of amnesia {unknown}
 q - a scroll of magic mapping {unknown}
 s - 2 scrolls of noise {unknown}
 u - a scroll of enchant armour {unknown}
Potions
 d - a potion of might
 m - 2 potions of heal wounds {unknown}
 v - 2 potions of magic {unknown}
Comestibles
 f - 9 rations
 t - 2 chunks of flesh


   Skills:
 - Level 3.2 Fighting
 + Level 6.7 Maces & Flails
 - Level 3.2 Armour
 - Level 3.2 Shields


You had 5 spell levels left.
You didn't know any spells.
Your spell library was empty.

Dungeon Overview and Level Annotations

Branches:
Dungeon (4/15)
 Temple: D:4-7

Altars:
Ru
Sif Muna


Innate Abilities, Weirdness & Mutations

You are resistant to torment.
Your stone body is resilient. (AC +4)
You are immune to poison.
You resist negative energy. (rN+)
You are resistant to electric shocks. (rElec)
You can survive without breathing.
You are immune to petrification.
You are immune to rotting.


Message History

You are too injured to fight recklessly!
You are too injured to fight recklessly!
You are too injured to fight recklessly!
You are too injured to fight recklessly!
You are too injured to fight recklessly!
You are too injured to fight recklessly!
You are too injured to fight recklessly!
You are too injured to fight recklessly!
You are too injured to fight recklessly!
You are too injured to fight recklessly!
You are too injured to fight recklessly!
You are too injured to fight recklessly!
You are too injured to fight recklessly!
You are too injured to fight recklessly!
You are too injured to fight recklessly!
You are too injured to fight recklessly!
You are too injured to fight recklessly!
The orc priest invokes the aid of Beogh against you.
Beogh smites you!
You die...

###....###......#........
#...#.......>...#.........
....##....#.....#..........
.....#....#................
..........###..............
...##.......#...S..........
....#...........)o........
................)oo....#
P.##..#....<..#.@.....###
.###..##......#..##.....# .
#..##.........##...### # #
#..##..#............#..|
####.# ##.#..........#...#
......####..............##
........#.................#
............###.........###
........##...>...#....#).#


You could see an orc priest, an adder and 2 orcs.

Vanquished Creatures
  A hound (D:3)
  2 orc priests (D:3)
  An orc wizard (D:4)
  A gnoll (D:4)
  6 adders
  A howler monkey skeleton (D:4)
  An ooze (D:2)
  2 worms
  3 dart slugs
  3 leopard geckos
  11 orcs
  4 ball pythons
  7 bats
  11 giant cockroaches
  12 goblins
  5 hobgoblins
  14 jackals
  2 quokkas
  8 frilled lizards
  7 kobolds
  A leopard gecko zombie (D:2)
  2 rats (D:2)
105 creatures vanquished.

Notes
Turn   | Place    | Note
-------+----------+-------------------------------------------
     0 | D:1      | Delamore the Gargoyle Fighter began the quest for the Orb.
     0 | D:1      | Reached XP level 1. HP: 14/14 MP: 1/1
   400 | D:1      | Reached XP level 2. HP: 16/19 MP: 2/2
   586 | D:1      | Reached skill level 3 in Maces & Flails
   867 | D:1      | Reached XP level 3. HP: 13/23 MP: 3/3
  1559 | D:2      | Reached skill level 4 in Maces & Flails
  1624 | D:2      | Reached XP level 4. HP: 27/28 MP: 4/4
  1879 | D:2      | Found a sacrificial altar of Ru.
  2877 | D:3      | Reached skill level 5 in Maces & Flails
  2882 | D:3      | Reached XP level 5. HP: 32/32 MP: 5/5
  3151 | D:3      | Found a shimmering blue altar of Sif Muna.
  3745 | D:3      | Reached skill level 6 in Maces & Flails
  3745 | D:3      | Reached XP level 6. HP: 32/37 MP: 6/6
  4257 | D:4      | Killed from afar by an orc priest

Illustrated notes

Levels and vault maps discovered:
D:1:      erik_arrival_orb_chamber, layout_loops_corners
D:2:      layout_basic, nicolae_ru_sacrificial_ziggurat, first_ration,
          moated_statue
D:3:      layout_basic, led_sif_pool
D:4:      layout_cave_pools, minmay_fountain_box, chequers_arboretum,
          serial_bayou_pond_a, minmay_between, uniq_grinder

Skill      XL: |  1  2  3  4  5 |
---------------+----------------+-----
Maces & Flails | 3 4 5 6 |  6.7
Fighting       | |  3.2
Armour         | |  3.2
Shields        | |  3.2

Action                   |  1- 3 |  4- 6 || total
-------------------------+-------+-------++-------
Melee: Flail             |   139 |   347 ||   486
  Eat: Chunk             |     3 |     9 ||    12
Armor: Scale mail        |    91 |   243 ||   334
Dodge: Dodged            |    55 |   142 ||   197
Block: Kite shield       |    94 |   220 ||   314
